 Dungeon Crawl Stone Soup version 0.31.0-11-ge490571c62 (webtiles) character file.

Game seed: 11332936374217601604

3891 Ashen the Covert (level 10, -3/74 HPs)
             Began as a Gnoll Enchanter on Feb 8, 2024.
             Slain by an orc warlord (8 damage)
             ... on level 7 of the Dungeon.
             The game lasted 00:18:36 (6865 turns).

Ashen the Covert (Gnoll Enchanter)                  Turns: 6865, Time: 00:18:37

Health: -3/74      AC:  8    Str:  7    XL:     10   Next: 19%
Magic:  0/21       EV: 21    Int: 15    God:
Gold:   1375       SH:  0    Dex: 17    Spells: 12/23 levels left

rFire   . . .        F - +2 dagger (vamp)
rCold   . . .        (no shield)
rNeg    . . .        x - +2 robe {Will+}
rPois   .            C - +0 helmet
rElec   .            (no cloak)
rCorr   +            (no gloves)
SInv    .            j - +2 pair of boots {rampage}
Will    +....        w - amulet of faith
Stlth   ++++         u - +5 ring of evasion
HPRegen 0.32/turn    f - ring of resist corrosion
MPRegen 0.17/turn

%: rampage, faith
@: studying Short Blades
A: fangs 1, strong nose, distributed training
a: no special abilities


You were on level 7 of the Dungeon.
You visited 1 branch of the dungeon, and saw 7 of its levels.
You also visited: Bailey.

You collected 1375 gold pieces.

Inventory:

Hand Weapons
 t - a +4 scythe of venom
 F - a +2 vampiric dagger (weapon)
Missiles
 o - 4 poisoned darts (quivered)
Armour
 j - a +2 pair of boots of rampaging (worn)
 x - a +2 robe of willpower (worn)
 C - a +0 helmet (worn)
 G - a +0 troll leather armour
Jewellery
 f - a ring of resist corrosion (right hand)
 u - a +5 ring of evasion (left hand)
 w - an amulet of faith (around neck)
 y - a ring of magical power
 D - the ring of the Mage {Wiz Archmagi}
   (You found it in a bailey)

   [ring of wizardry]

   Wiz:       It improves your spell success rate.
   Archmagi:  It increases the power of your magical spells.
Wands
 a - a wand of roots (4)
 s - a wand of polymorph (8)
 E - a wand of mindburst (8)
Scrolls
 b - 2 scrolls of blinking {unknown}
 e - 4 scrolls of revelation {unknown}
 i - 5 scrolls of teleportation {unknown}
 m - 9 scrolls of identify {unknown}
 v - a scroll of noise {unknown}
 B - 2 scrolls of immolation {unknown}
 H - a scroll of poison {unknown}
 I - a scroll of enchant weapon {unknown}
 K - a scroll of brand weapon {unknown}
Potions
 c - 3 potions of heal wounds {unknown}
 d - 4 potions of curing {unknown}
 g - a potion of magic {unknown}
 h - 2 potions of enlightenment {unknown}
 k - a potion of attraction {unknown}
 l - 3 potions of brilliance {unknown}
 n - 2 potions of cancellation {unknown}
 p - a potion of might {unknown}
 q - a potion of degeneration {unknown}
 r - a potion of resistance {unknown}
 z - 3 potions of haste {unknown}
 A - a potion of lignification {unknown}
 J - 3 potions of mutation {unknown}


   Skills:
 + Level 5.2 Fighting
 + Level 6.5 Short Blades
 + Level 5.2 Long Blades
 + Level 5.2 Axes
 + Level 5.2 Maces & Flails
 + Level 5.2 Polearms
 + Level 5.2 Staves
 + Level 5.2 Ranged Weapons
 + Level 5.2 Throwing
 + Level 5.2 Armour
 + Level 7.0 Dodging
 + Level 8.0 Stealth
 + Level 5.2 Shields
 + Level 5.2 Unarmed Combat
 + Level 7.3 Spellcasting
 + Level 4.3 Conjurations
 + Level 7.0 Hexes
 + Level 4.3 Summonings
 + Level 4.3 Necromancy
 + Level 4.3 Translocations
 + Level 4.3 Fire Magic
 + Level 4.3 Ice Magic
 + Level 4.3 Air Magic
 + Level 4.3 Earth Magic
 + Level 4.3 Alchemy
 + Level 5.7 Invocations
 + Level 5.2 Evocations
 + Level 4.7 Shapeshifting


You had 12 spell levels left.
You knew the following spells:

 Your Spells              Type           Power      Damage    Failure   Level
a - Ensorcelled Hibernat  Hex/Ice        44%        N/A       1%          2
b - Confusing Touch       Hex            26%        N/A       1%          3
c - Tukima's Dance        Hex            26%        N/A       1%          3
d - Dazzling Flash        Conj/Hex       44%        N/A       3%          3

Your spell library contained the following spells:

 Spells                   Type           Power      Damage    Failure   Level


Dungeon Overview and Level Annotations

Branches:
Dungeon (7/15)             Bailey (visited)
 Temple: D:4-7

Altars:
Nemelex Xobeh
Okawaru
Sif Muna

Shops:
D:3 =


Innate Abilities, Weirdness & Mutations

You have very sharp teeth.
Your uncanny sense of smell can sniff out nearby items.
Your experience applies equally to all skills.


Message History

Casting: Dazzling Flash (dangerous; 3% risk of failure)
Press: ? - help, Dir - look around, f - activate The orc warlord hits you.
* * * LOW HITPOINT WARNING * * *
Casting: Dazzling Flash (dangerous; 3% risk of failure)
Confirm with . or Enter, or press ? or * to list all spells.
Casting: Dazzling Flash (dangerous; 3% risk of failure)
Press: ? - help, Dir - look around, f - activate The orc warlord misses you.
Casting: Dazzling Flash (dangerous; 3% risk of failure)
Confirm with . or Enter, or press ? or * to list all spells.
Casting: Dazzling Flash (dangerous; 3% risk of failure)
Press: ? - help, Dir - look around, f - activate The orc warlord barely misses you.
Casting: Dazzling Flash (dangerous; 3% risk of failure)
Confirm with . or Enter, or press ? or * to list all spells.
Casting: Dazzling Flash (dangerous; 3% risk of failure)
Press: ? - help, Dir - look around, f - activate The orc warlord completely misses you.
Casting: Dazzling Flash (dangerous; 3% risk of failure)
Confirm with . or Enter, or press ? or * to list all spells.
Casting: Dazzling Flash (dangerous; 3% risk of failure)
Press: ? - help, Dir - look around, f - activate The orc warlord hits you but does no damage.
Casting: Dazzling Flash (dangerous; 3% risk of failure)
Confirm with . or Enter, or press ? or * to list all spells.
Casting: Dazzling Flash (dangerous; 3% risk of failure)
Press: ? - help, Dir - look around, f - activate The orc warlord hits you but does no damage.
Aiming: Mindburst
Press: ? - help, Shift-Dir - straight line, f - orc warlord
Aim: an orc warlord, wearing a +0 plate armour (moderately wounded, chance to affect: 50%)
The orc warlord resists with significant effort.
The orc warlord completely misses you.
Aiming: Mindburst
Press: ? - help, Shift-Dir - straight line, f/p - orc warlord
Aim: an orc warlord, wearing a +0 plate armour (moderately wounded, chance to affect: 50%)
The orc warlord resists with significant effort.
The orc warlord hits you!
You die...

#### # ######## ..#
# #.o@...# # #.# #
#.####.###.#####.###
# ##.#.##.......o...
#...).>..#####.### #
##.#.###.# #.# #
#.##.#)# ..# #
#......# #### #
####.### #########
#.# #.......#


You could see an orc warlord.

Vanquished Creatures
  2 trolls (D:6)
  Prince Ribbit (D:6)
  Sigmund (D:2)
  Eustachio (D:6)
  3 water moccasins
  A sky beast (D:6)
  3 orc warriors (Bailey)
  3 centaurs
  An ogre (D:5)
  2 phantoms (D:6)
  A bullfrog (D:7)
  4 scorpions
  3 orc priests
  3 bombardier beetles
  3 hounds
  A jelly (D:6)
  3 iguanas
  3 sleepcaps
  6 orc wizards
  10 adders
  8 gnolls
  A shadow imp (D:5)
  3 ufetubi
  5 dart slugs
  2 ribbon worms (D:2)
  14 orcs
  5 ball pythons
  4 bats
  8 endoplasms
  5 giant cockroaches
  11 goblins
  13 hobgoblins
  4 jackals (D:1)
  6 quokkas
  4 frilled lizards
  11 kobolds
  8 rats
167 creatures vanquished.

Vanquished Creatures (collateral kills)
  A two-headed ogre (D:6)
1 creature vanquished.

Grand Total: 168 creatures vanquished

Notes
Turn   | Place    | Note
-------+----------+-------------------------------------------
     0 | D:1      | Ashen the Gnoll Enchanter began the quest for the Orb.
     0 | D:1      | Reached XP level 1. HP: 13/13 MP: 6/6
   151 | D:1      | Reached XP level 2. HP: 19/19 MP: 7/7
   257 | D:1      | Learned a level 2 spell: Ensorcelled Hibernation
   434 | D:1      | HP: 1/20 [jackal (3)]
   437 | D:1      | Reached skill level 5 in Spellcasting
   437 | D:1      | Reached XP level 3. HP: 2/25 MP: 1/9
   568 | D:1      | Reached skill level 6 in Stealth
  1027 | D:1      | Reached skill level 1 in Invocations
  1447 | D:2      | Found a faded altar of an unknown god.
  1539 | D:2      | Reached skill level 1 in Fighting
  1539 | D:2      | Reached skill level 1 in Long Blades
  1539 | D:2      | Reached skill level 1 in Axes
  1539 | D:2      | Reached skill level 1 in Maces & Flails
  1539 | D:2      | Reached skill level 1 in Polearms
  1539 | D:2      | Reached skill level 1 in Staves
  1539 | D:2      | Reached skill level 1 in Ranged Weapons
  1539 | D:2      | Reached skill level 1 in Throwing
  1539 | D:2      | Reached skill level 1 in Armour
  1539 | D:2      | Reached skill level 1 in Shields
  1539 | D:2      | Reached skill level 1 in Unarmed Combat
  1539 | D:2      | Reached skill level 1 in Evocations
  1559 | D:2      | Reached skill level 1 in Shapeshifting
  1559 | D:2      | Reached XP level 4. HP: 28/32 MP: 8/11
  2022 | D:2      | Reached skill level 1 in Conjurations
  2022 | D:2      | Reached skill level 1 in Summonings
  2022 | D:2      | Reached skill level 1 in Necromancy
  2022 | D:2      | Reached skill level 1 in Translocations
  2022 | D:2      | Reached skill level 1 in Fire Magic
  2022 | D:2      | Reached skill level 1 in Ice Magic
  2022 | D:2      | Reached skill level 1 in Air Magic
  2022 | D:2      | Reached skill level 1 in Earth Magic
  2022 | D:2      | Reached skill level 1 in Alchemy
  2074 | D:2      | Noticed Sigmund
  2078 | D:2      | Killed Sigmund
  2079 | D:2      | Reached skill level 5 in Dodging
  2079 | D:2      | Reached XP level 5. HP: 38/38 MP: 12/12
  2079 | D:2      | Reached XP level 6. HP: 44/44 MP: 14/14
  2609 | D:3      | Found Jiolakhe's One-of-a-Kind Rings.
  2725 | D:3      | Learned a level 3 spell: Confusing Touch
  2729 | D:3      | Learned a level 3 spell: Tukima's Dance
  2733 | D:3      | Learned a level 3 spell: Dazzling Flash
  2787 | D:3      | Found an iron altar of Okawaru.
  3198 | D:4      | Reached XP level 7. HP: 33/50 MP: 10/15
  3828 | D:5      | Entered Level 5 of the Dungeon
  3904 | D:5      | Found a sparkling altar of Nemelex Xobeh.
  4644 | D:5      | Reached XP level 8. HP: 58/58 MP: 16/16
  4893 | D:6      | Noticed a troll
  4895 | D:6      | Killed a troll
  4896 | D:6      | Reached skill level 7 in Stealth
  4896 | D:6      | Noticed a two-headed ogre
  5013 | D:5      | Reached XP level 9. HP: 65/65 MP: 6/18
  5166 | D:6      | Killed a two-headed ogre
  5167 | D:6      | Reached skill level 5 in Short Blades
  5306 | D:6      | Noticed a troll
  5307 | D:6      | Killed a troll
  5308 | D:6      | Reached skill level 5 in Invocations
  5440 | D:6      | Noticed Prince Ribbit
  5449 | D:6      | Killed Prince Ribbit
  5480 | D:6      | Noticed Eustachio
  5486 | D:6      | Killed Eustachio
  5698 | D:6      | Reached skill level 5 in Fighting
  5698 | D:6      | Reached skill level 5 in Long Blades
  5698 | D:6      | Reached skill level 5 in Axes
  5698 | D:6      | Reached skill level 5 in Maces & Flails
  5698 | D:6      | Reached skill level 5 in Polearms
  5698 | D:6      | Reached skill level 5 in Staves
  5698 | D:6      | Reached skill level 5 in Ranged Weapons
  5698 | D:6      | Reached skill level 5 in Throwing
  5698 | D:6      | Reached skill level 5 in Armour
  5698 | D:6      | Reached skill level 5 in Shields
  5698 | D:6      | Reached skill level 5 in Unarmed Combat
  5698 | D:6      | Reached skill level 5 in Evocations
  5698 | D:6      | Reached XP level 10. HP: 74/74 MP: 15/20
  5745 | D:6      | Found a shimmering blue altar of Sif Muna.
  6221 | D:7      | Reached skill level 8 in Stealth
  6285 | D:7      | Found a flagged portal.
  6290 | Bailey   | Entered a bailey
  6319 | Bailey   | Noticed an orc warlord
  6332 | Bailey   | Found the ring of the Mage {Wiz Archmagi}
  6538 | Bailey   | Acquired 956 gold pieces
  6559 | Bailey   | Found a runed translucent gate.
  6562 | Bailey   | Found a runed translucent gate.
  6564 | Bailey   | Found a runed translucent gate.
  6848 | Bailey   | HP: 1/74 [orc warlord (20)]
  6858 | D:7      | HP: 3/74 [orc warlord (1)]
  6865 | D:7      | Slain by an orc warlord

Illustrated notes

Levels and vault maps discovered:
D:1:      lemuel_arrival_tunnels, layout_basic, serial_forest,
          infiniplex_forest_straight_3, infiniplex_forest_lined_3,
          infiniplex_forest_zigzag_1, infiniplex_forest_corner_1,
          infiniplex_forest_3_way, infiniplex_forest_split, minmay_octomino_c4
D:2:      layout_loops_ring, shapermc_ecumenical_altar_ellora,
          nicolae_twisty_statue_hallways, uniq_sigmund
D:3:      layout_loops_cross, okawaru_metal_pillars_1_2,
          nicolae_shop_unique_rings
D:4:      layout_basic, minmay_fractal_squares_diagonal_5
D:5:      layout_basic, mainiacjoe_overflow_catwalk
D:6:      layout_rooms, tgw_sif, nicolae_kite_square_tiling_tiny,
          minmay_manual_mandibuliform, uniq_prince_ribbit1, uniq_eustachio
D:7:      layout_loops_cross, mainiacjoe_overflow_small_starburst, temple_green,
          enter_bailey_1

Skill      XL: |  1  2  3  4  5  6  7  8  9 10 |
---------------+-------------------------------+-----
Spellcasting   | 5 6 7 |  7.3
Stealth        | 6 7 8 |  8.0
Invocations    | 1 2 3 4 5 |  5.7
Fighting       | 1 2 3 4 5 |  5.2
Long Blades    | 1 2 3 4 5 |  5.2
Axes           | 1 2 3 4 5 |  5.2
Maces & Flails | 1 2 3 4 5 |  5.2
Polearms       | 1 2 3 4 5 |  5.2
Staves         | 1 2 3 4 5 |  5.2
Ranged Weapons | 1 2 3 4 5 |  5.2
Throwing       | 1 2 3 4 5 |  5.2
Armour         | 1 2 3 4 5 |  5.2
Shields        | 1 2 3 4 5 |  5.2
Unarmed Combat | 1 2 3 4 5 |  5.2
Evocations     | 1 2 3 4 5 |  5.2
Shapeshifting  | 1 2 3 4 |  4.7
Conjurations   | 1 2 3 4 |  4.3
Summonings     | 1 2 3 4 |  4.3
Necromancy     | 1 2 3 4 |  4.3
Translocations | 1 2 3 4 |  4.3
Fire Magic     | 1 2 3 4 |  4.3
Ice Magic      | 1 2 3 4 |  4.3
Air Magic      | 1 2 3 4 |  4.3
Earth Magic    | 1 2 3 4 |  4.3
Alchemy        | 1 2 3 4 |  4.3
Short Blades   | 3 4 6 |  6.5
Dodging        | 5 6 7 |  7.0
Hexes          | 6 7 |  7.0

Action                     |  1- 3 |  4- 6 |  7- 9 | 10-12 || total
---------------------------+-------+-------+-------+-------++-------
  Melee: Dagger            |    98 |   135 |   151 |   126 ||   510
         Bite              |     4 |    10 |    15 |    16 ||    45
         Punch             |       |     2 |     5 |     5 ||    12
  Throw: Dart              |       |       |     1 |       ||     1
   Cast: Ensorcelled Hiber |    10 |     9 |    60 |    14 ||    93
         Dazzling Flash    |       |     2 |     1 |    15 ||    18
         Confusing Touch   |       |     1 |     4 |     4 ||     9
         Tukima's Dance    |       |       |     5 |     2 ||     7
  Evoke: Wand              |       |       |     4 |     6 ||    10
    Use: Potion            |     1 |       |     1 |     1 ||     3
         Scroll            |       |       |       |     1 ||     1
   Stab: Sleeping          |    19 |    23 |    38 |     7 ||    87
         Invisible         |     2 |       |     4 |     8 ||    14
         Distracted        |     1 |       |     1 |     2 ||     4
         Confused          |       |     2 |     3 |     2 ||     7
 Armour: Robe              |    46 |    34 |    85 |    47 ||   212
  Dodge: Dodged            |    60 |    55 |   291 |   168 ||   574
